 Dungeon Crawl Stone Soup version 0.32-a0-960-g3814254bd7 (webtiles) character file.

Game seed: 14783593563751998936

169 LostInTranslocation the Trooper (level 5, -3/72 HPs)
             Began as a Mountain Dwarf Cinder Acolyte on Apr 17, 2024.
             Was a High Priest of Ignis.
             Splashed by a jelly's acid (5 damage)
             ... on level 4 of the Dungeon.
             The game lasted 00:22:08 (3531 turns).

LostInTranslocation the Trooper (MDCA)              Turns: 3531, Time: 00:22:09

Health: -3/72      AC:  6    Str: 19    XL:     5   Next: 25%
Magic:  6/6        EV:  2    Int: 20    God:    Ignis [*****.]
Gold:   222        SH:  0    Dex:  5    Spells: 4/6 levels left

rFire   + . .        a - -1 hand axe (flame)
rCold   . . .        (no shield)
rNeg    . . .        c - melded +1 scale mail
rPois   +            (helmet currently unavailable)
rElec   .            (cloak currently unavailable)
rCorr   .            (gloves currently unavailable)
SInv    .            (boots currently unavailable)
Will    .....        (no amulet)
Stlth   +            m - +6 ring of intelligence
HPRegen 0.32/turn    v - ring of poison resistance
MPRegen 0.10/turn

%: no passive effects
@: tree-form, corroded
A: stationary, stasis, torment immunity, boosted hp, runic magic, artefact
enchanting
a: Renounce Religion, Fiery Armour, Foxfire Swarm


You were on level 4 of the Dungeon.
You worshipped Ignis.
Ignis was extremely pleased with you.
You were a tree.
You visited 1 branch of the dungeon, and saw 4 of its levels.

You collected 222 gold pieces.

Inventory:

Hand Weapons
 a - a -1 hand axe of flaming (weapon)
Missiles
 q - 8 poisoned darts
 r - 38 stones
Armour
 b - a +0 robe
 c - a +1 scale mail (melded)
Jewellery
 m - a +6 ring of intelligence (left branch)
 v - a ring of poison resistance (right branch)
Talismans
 w - the maw talisman of Makhleb's Favour {rElec Str+3 Dex+4 SInv}
   (You found it on level 3 of the Dungeon)

   [maw talisman]

   Str+3:     It affects your strength (+3).
   Dex+4:     It affects your dexterity (+4).
   rElec:     It insulates you from electricity.
   SInv:      It lets you see invisible.
Scrolls
 d - a scroll of amnesia {unknown}
 e - a scroll of blinking {unknown}
 f - a scroll of enchant armour
 g - a scroll of immolation {unknown}
 l - a scroll of poison {unknown}
 n - a scroll of torment {unknown}
 p - a scroll of noise {unknown}
 s - a scroll of teleportation {unknown}
 t - a scroll of revelation
Potions
 i - a potion of curing
 j - a potion of haste {unknown}
 k - a potion of mutation {unknown}
 x - a potion of attraction {unknown}


   Skills:
 - Level 5.0 Fighting
 - Level 5.0 Axes
 + Level 0.8 Unarmed Combat
 - Level 1.1 Spellcasting
 - Level 3.9 Fire Magic
 * Level 1.0 Shapeshifting


You had 4 spell levels left.
You knew the following spells:

 Your Spells              Type           Power      Damage    Failure   Level
a - Scorch                Fire           34%        2d6       4%          2

Your spell library contained the following spells:

 Spells                   Type           Power      Damage    Failure   Level
 Call Canine Familiar     Summ           1%         N/A       45%         3
 Dazzling Flash           Conj/Hex       2%         N/A       45%         3
 Sigil of Binding         Hex            1%         N/A       45%         3
 Brom's Barrelling Bould  Conj/Erth      1%         2d3       86%         4
 Dimensional Bullseye     Hex/Tloc       0%         N/A       86%         4


Dungeon Overview and Level Annotations

Branches:
Dungeon (4/15)
 Temple: D:4-7

Altars:
Okawaru

Annotations:
D:2 Sigmund


Innate Abilities, Weirdness & Mutations

You are a tree.
Your roots penetrate the ground, keeping you stationary.
You cannot be teleported.
You are immune to unholy pain and torment.
Your maximum health is greatly increased.
Your equipment is partially melded.
Your spellcasting is much less encumbered by armour.
You can use scrolls of enchantment on lesser artefacts.


Message History

The jelly is heavily wounded.
The jelly hits you but does no damage.
You hit the jelly. You burn the jelly.
Your branches burn!
* * * LOW HITPOINT WARNING * * *
The jelly is heavily wounded.
The jelly barely misses you.
You take 4 damage, and have 16/72 hp.
You hit the jelly but do no damage.
Your branches burn!
* * * LOW HITPOINT WARNING * * *
The jelly is heavily wounded.
The jelly hits you but does no damage.
You take 3 damage, and have 13/72 hp.
You hit the jelly but do no damage.
Your branches burn!
* * * LOW HITPOINT WARNING * * *
The jelly is heavily wounded.
The jelly hits you but does no damage.
You take 4 damage, and have 9/72 hp.
You hit the jelly. You burn the jelly. The acid corrodes you!
Your branches burn!
* * * LOW HITPOINT WARNING * * *
The jelly is almost dead.
The jelly hits you but does no damage.
You take 1 damage, and have 8/72 hp.
You hit the jelly but do no damage.
Your branches burn!
* * * LOW HITPOINT WARNING * * *
The jelly is almost dead.
The jelly barely misses you.
You take 4 damage, and have 4/72 hp.
You hit the jelly but do no damage.
Your branches burn!
* * * LOW HITPOINT WARNING * * *
The jelly is almost dead.
The jelly barely misses you.
You hit the jelly but do no damage.
Your branches burn!
* * * LOW HITPOINT WARNING * * *
The jelly is almost dead.
The jelly hits you but does no damage. x2
You take 2 damage, and have 2/72 hp.
You hit the jelly but do no damage.
Your branches burn!
You die...
Ignis goes out, and joins you in death.

.....#
##..#
#...#
.......#.#
#.....##.#
⌠#...# #.#
#.... #.#
#..#
#J########
.J#
#.♣......#
..
########)#
#.# #....
..# #.#
#.... #.#
#.# #.....
#.# #.#
#..... #.#
#.#
#.....##.#
#.#
#......#
#.#


You could see a jelly.

Vanquished Creatures
  A bombardier beetle (D:3)
  Jessica (D:2)
  An adder (D:3)
  2 ribbon worms
  3 dart slugs (D:2)
  An orc (D:4)
  9 endoplasms
  7 giant cockroaches
  4 goblins
  7 hobgoblins
  4 quokkas
  8 ball pythons
  8 bats
  A frilled lizard (D:2)
  7 kobolds
  21 rats
85 creatures vanquished.

Notes
Turn   | Place    | Note
-------+----------+-------------------------------------------
     0 | D:1      | LostInTranslocation the Mountain Dwarf Cinder Acolyte began
                  | the quest for the Orb.
     0 | D:1      | Reached XP level 1. HP: 19/19 MP: 2/2
   230 | D:1      | Reached XP level 2. HP: 26/27 MP: 3/3
   581 | D:1      | Learned a level 2 spell: Scorch
   804 | D:2      | Reached XP level 3. HP: 27/34 MP: 4/4
  1026 | D:2      | Noticed Jessica
  1207 | D:2      | Reached skill level 5 in Fighting
  1236 | D:2      | Found a faded altar of an unknown god.
  1248 | D:2      | Got the Almanac of Unfortunate Topomancy
  1522 | D:2      | Noticed Sigmund
  1607 | D:3      | Found an iron altar of Okawaru.
  1767 | D:3      | Reached XP level 4. HP: 42/42 MP: 5/5
  2241 | D:3      | Reached skill level 5 in Axes
  2459 | D:3      | Identified the maw talisman of Makhleb's Favour {rElec
                  | Str+3 Dex+4 SInv}
  2745 | D:2      | Killed Jessica
  2746 | D:2      | Reached XP level 5. HP: 31/48 MP: 6/6
  2864 | D:2      | Reached skill level 1 in Shapeshifting
  3529 | D:4      | HP: 3/72 [acid (1)]
  3531 | D:4      | Splashed by a jelly's acid

Illustrated notes

Levels and vault maps discovered:
D:1:      psy_arrival_radial02, layout_rooms
D:2:      layout_basic, basic_ecumenical_altar, minmay_rat_hole, uniq_sigmund,
          uniq_jessica
D:3:      layout_loops_cross, okawaru_metal_pillars_1_2,
          minmay_increasing_density
D:4:      layout_basic, serial_bayou, serial_bayou_pond_d,
          serial_bayou_crossing, serial_bayou_shore_a, serial_bayou_pond_d,
          serial_bayou_pond_b, kennysheep_decorative_pillar

Skill      XL: |  1  2  3  4  5 |
---------------+----------------+-----
Fighting       | 4 5 |  5.0
Axes           | 5 |  5.0
Shapeshifting  | 1 |  1.0
Unarmed Combat | |  0.8
Spellcasting   | |  1.1
Fire Magic     | |  3.9

Action                     |  1- 3 |  4- 6 || total
---------------------------+-------+-------++-------
  Melee: Hand axe          |   148 |   112 ||   260
  Throw: Throwing net      |       |     1 ||     1
   Cast: Scorch            |       |     1 ||     1
 Invoke: Rising Flame      |       |     1 ||     1
    Use: Scroll            |       |     4 ||     4
         Potion            |       |     1 ||     1
 Armour: Robe              |    19 |       ||    19
         Scale mail        |   100 |    71 ||   171
         Skin              |       |     8 ||     8
  Dodge: Dodged            |    65 |    38 ||   103
         Form:             |       |     1 ||     1
         Maw               |       |     1 ||     1

Table legend: (Time is in decaauts)
 A = Elapsed time spent in this place.
 B = Non-inter-level travel time spent in this place.
 C = Inter-level travel time spent in this place.
 D = Time resting spent in this place.
 E = Time spent auto-exploring this place.
 F = Levels seen in this place.
 G = Mean time per level.
                   A        B        C        D        E       F      G
               +--------+--------+--------+--------+--------+-----+--------+
         Total |   3557 |   3253 |    304 |    759 |   1641 |   4 |  889.2 |
       Dungeon |   3557 |   3253 |    304 |    759 |   1641 |   4 |  889.2 |
               +--------+--------+--------+--------+--------+-----+--------+

Top non-repeatable levels by time:
     D:3: 1204 daAuts
     D:2: 1163 daAuts
     D:1: 1060 daAuts
     D:4: 128 daAuts
